 Dungeon Crawl Stone Soup version 0.23.2-33-g5129a83184 (webtiles) character file.

Game seed: 5630640834319522291

888 Folque the Skirmisher (level 7, -5/64 HPs)
             Began as a Minotaur Hunter on July 8, 2019.
             Was a Follower of the Shining One.
             Shot with an arrow by a centaur (10 damage)
             ... on level 6 of the Dungeon.
             The game lasted 00:17:00 (5288 turns).

Folque the Skirmisher (Minotaur Hunter)             Turns: 5288, Time: 00:17:00

Health: -5/64      AC:  4    Str: 17    XL:     7   Next: 77%
Magic:  6/6        EV: 14    Int:  8    God:    the Shining One [*.....]
Gold:   365        SH:  0    Dex: 12    Spells: 6/6 levels left

rFire    . . .     SeeInvis .   a - +1 hand crossbow
rCold    . . .     Gourm    .   (no shield)
rNeg     . . .     Faith    .   c - +0 leather armour
rPois    .         Spirit   .   (helmet restricted)
rElec    .         Reflect  .   A - +0 cloak
rCorr    .         Harm     .   (no gloves)
MR       .....                  (no boots)
Stlth    +.........             (no amulet)
HPRegen  0.20/turn              (no ring)
MPRegen  0.10/turn              (no ring)

@: glowing
A: retaliatory headbutt, horns 2
a: Renounce Religion


You were on level 6 of the Dungeon.
You worshipped the Shining One.
The Shining One was aware of your devotion.
You were not hungry.

You visited 2 branches of the dungeon, and saw 7 of its levels.
You also visited: Sewer and Ossuary.

You collected 365 gold pieces.

Inventory:

Hand Weapons
 a - a +1 hand crossbow (weapon)
 b - a +0 short sword
 r - a +0 rapier
 x - a +0 blowgun
Missiles
 d - 53 bolts (quivered)
 y - 2 poisoned needles
Armour
 c - a +0 leather armour (worn)
 A - a +0 cloak (worn)
Jewellery
 u - an uncursed ring of poison resistance {unknown}
 B - a +3 ring of dexterity {unknown}
Wands
 F - a wand of clouds (5)
Scrolls
 e - a scroll of fog
 g - a scroll of blinking
 h - 5 scrolls of identify
 i - 6 scrolls of teleportation
 j - 5 scrolls of immolation {unknown}
 k - 4 scrolls of remove curse {unknown}
 n - 3 scrolls of magic mapping
 s - 4 scrolls of noise {unknown}
 E - 3 scrolls of enchant weapon {unknown}
 H - a scroll of amnesia {unknown}
 J - 3 scrolls of random uselessness {unknown}
Potions
 l - 4 potions of mutation
 m - 2 potions of berserk rage {unknown}
 o - 3 potions of curing
 p - 3 potions of flight {unknown}
 q - 2 potions of brilliance {unknown}
 t - 2 potions of resistance {unknown}
 v - 2 potions of magic {unknown}
 w - a potion of cancellation {unknown}
 z - a potion of agility {unknown}
 C - a potion of might {unknown}
 D - a potion of haste
 G - a potion of heal wounds {unknown}
 I - 7 potions of degeneration {unknown}
 K - 2 potions of lignification {unknown}
 L - a potion of invisibility {unknown}
Comestibles
 f - 12 rations


   Skills:
 + Level 6.3 Fighting
 - Level 2.2 Short Blades
 - Level 5.0 Crossbows
 + Level 4.8 Armour
 * Level 5.9 Dodging
 - Level 0.7 Stealth


You had 6 spell levels left.
You didn't know any spells.
Your spell library was empty.

Dungeon Overview and Level Annotations

Branches:
Dungeon (6/15)             Temple (1/1) D:6

Altars:
Ashenzari
Cheibriados
Dithmenos
Elyvilon
Fedhas
Gozag
Hepliaklqana
Kikubaaqudgha
Makhleb
Okawaru
Ru
Sif Muna
Uskayaw
Vehumet
Wu Jian
Xom
Yredelemnul
The Shining One


Innate Abilities, Weirdness & Mutations

You reflexively headbutt those who attack you in melee.
You have a pair of horns on your head.


Message History

Aim: a centaur, wielding a +0 shortbow (lightly wounded)
You shoot a bolt. The bolt hits the centaur!
The centaur is severely wounded.
The centaur shoots an arrow.
The arrow misses you.
The centaur shoots an arrow.
The arrow hits you.
* * * LOW HITPOINT WARNING * * *
Firing (i - inventory)
d - 55 bolts (quivered)
Press: ? - help, Shift-Dir - straight line, f/p - centaur
Aim: a centaur, wielding a +0 shortbow (severely wounded)
You shoot a bolt. The bolt barely misses the centaur.
The centaur shoots an arrow.
The arrow barely misses you.
The centaur shoots an arrow.
The arrow hits you.
* * * LOW HITPOINT WARNING * * *
Firing (i - inventory)
d - 54 bolts (quivered)
Press: ? - help, Shift-Dir - straight line, f/p - centaur
Aim: a centaur, wielding a +0 shortbow (severely wounded)
You shoot a bolt. The bolt hits the centaur.
The centaur is almost dead.
The centaur shoots an arrow.
The arrow hits you!
You die...

#..............#......
#..............#).....
#..............#......
##########.....#......
#.....#......
#.....#......
#..(...#.....
##########......+.....
#.%..@..........#.....
#...............#.....
#...............#####'
#.......[.######......
#.........# #......
#.........# #......
#.........# #..)...
#...c.....# #......
*********** #######


You could see a centaur.

Vanquished Creatures
  Purgy (Sewer)
  A sky beast (D:5)
  An ogre (D:5)
  A scorpion (D:5)
  A crimson imp (D:5)
  2 centaur zombies (Ossuary)
  A bullfrog zombie (D:5)
  A hound (D:4)
  A bullfrog skeleton (D:5)
  An orc wizard (D:6)
  2 worker ants (D:5)
  A big kobold zombie (Ossuary)
  3 mummies (Ossuary)
  8 adders
  4 gnolls
  2 river rats (D:4)
  An ooze (D:1)
  An adder skeleton (D:6)
  2 worms
  3 dart slugs
  8 leopard geckos
  An orc (D:4)
  3 ball pythons
  7 giant cockroaches
  A gnoll zombie (Ossuary)
  5 goblins
  7 hobgoblins
  8 jackals (D:5)
  2 quokkas
  7 bats
  8 frilled lizards
  A goblin zombie (Ossuary)
  A hobgoblin zombie (Ossuary)
  6 kobolds
  2 kobold zombies (Ossuary)
  12 rats
117 creatures vanquished.

Vanquished Creatures (others)
  A hound (D:4)
  2 adders (D:4)
  An orc (D:4)
  A rat (D:3)
5 creatures vanquished.

Grand Total: 122 creatures vanquished

Notes
Turn   | Place    | Note
-------+----------+-------------------------------------------
     0 | D:1      | Folque the Minotaur Hunter began the quest for the Orb.
     0 | D:1      | Reached XP level 1. HP: 18/18 MP: 0/0
    59 | D:1      | Reached XP level 2. HP: 24/25 MP: 1/1
    93 | D:1      | Reached skill level 3 in Fighting
   548 | D:1      | Reached XP level 3. HP: 28/31 MP: 2/2
   773 | D:2      | Reached skill level 5 in Crossbows
  1333 | D:2      | Reached skill level 1 in Armour
  1424 | D:3      | Found a white marble altar of Elyvilon.
  1451 | D:3      | Reached XP level 4. HP: 39/40 MP: 3/3
  1799 | D:3      | Reached skill level 4 in Fighting
  1799 | D:3      | Reached skill level 1 in Short Blades
  2444 | D:4      | Reached XP level 5. HP: 35/46 MP: 4/4
  2457 | D:4      | Found a shimmering altar of Xom.
  2489 | D:4      | Found a glowing drain.
  2498 | Sewer    | Entered a sewer
  2849 | Sewer    | Noticed Purgy
  2861 | Sewer    | Killed Purgy
  2861 | Sewer    | Reached XP level 6. HP: 19/55 MP: 5/5
  3314 | D:4      | Reached skill level 5 in Fighting
  3913 | D:5      | Entered Level 5 of the Dungeon
  3963 | D:5      | Found a snail-covered altar of Cheibriados.
  4133 | D:5      | Reached XP level 7. HP: 43/61 MP: 6/6
  4464 | D:5      | Reached skill level 5 in Dodging
  4636 | D:5      | Reached skill level 6 in Fighting
  4889 | D:6      | Found a sand-covered staircase.
  4945 | D:6      | Found a staircase to the Ecumenical Temple.
  4955 | Temple   | Entered the Ecumenical Temple
  4962 | Temple   | Became a worshipper of the Shining One
  4995 | Ossuary  | Entered an ossuary
  5145 | Ossuary  | Reached * piety under the Shining One
  5288 | D:6      | Shot with an arrow by a centaur

Skill      XL: |  1  2  3  4  5  6  7 |
---------------+----------------------+-----
Fighting       | 3 4 5 6 |  6.3
Crossbows      | 5 |  5.0
Armour         | 1 2 3 4 |  4.8
Short Blades   | 1 2 |  2.2
Dodging        | 3 4 5 |  5.9
Stealth        | |  0.7

Action                   |  1- 3 |  4- 6 |  7- 9 || total
-------------------------+-------+-------+-------++-------
Melee: Short sword       |    81 |       |       ||    81
       Headbutt          |    16 |    12 |    11 ||    39
       Rapier            |     8 |   116 |    74 ||   198
 Fire: Hand crossbow     |    10 |    22 |    18 ||    50
       Blowgun           |       |     2 |       ||     2
  Use: Scroll            |       |     4 |     3 ||     7
       Potion            |       |     1 |     2 ||     3
 Stab: Sleeping          |     2 |     1 |     1 ||     4
  Eat: Chunk             |     2 |     8 |     4 ||    14
Armor: Leather armour    |    24 |    44 |    15 ||    83
Dodge: Dodged            |    75 |   114 |    55 ||   244
